AoeStats
← Gericault667

Arabia

510187824Analyzed
1v1 RM · 1d ago on Sep 29, 2026· 41m 3s· 2 players
Game mode
Random Map
Map size
Tiny (2 player)
Population
200
Speed
Normal
Resources
Standard
Victory
Conquest
Starting age
Dark Age
Ending age
Imperial Age
RankedLock teamsTeams togetherTeam positionsShared explorationLock speedFull tech treeHidden civsTurbo modeCheats
Victory
Defeat
🇦🇷 Saxons · Argentina
1278
+16
🇫🇷 Maya · France
1275
-16
Gericault667
0:30 Loom
9:07 Feudal Age
9:48 Double-Bit Axe
20:39 Wheelbarrow
20:47 Fletching
20:58 Padded Archer Armor
26:48 Castle Age
24:51 Horse Collar
26:51 Crossbowman
27:31 Bodkin Arrow
28:58 Town Watch
31:11 Hand Cart
31:47 Thumb Ring
34:17 Leather Archer Armor
37:31 Ballistics
Otto Caries
6:03 Loom
9:16 Feudal Age
9:21 Man-at-Arms
11:03 Double-Bit Axe
12:35 Town Watch
17:00 Padded Archer Armor
17:02 Scale Mail Armor
17:17 Fletching
21:31 Horse Collar
26:49 Castle Age
24:50 Stone Mining
27:16 Scale Mail Armor
28:10 Leather Archer Armor
27:53 Bodkin Arrow
27:21 Elite Skirmisher
28:13 Squires
28:05 Gambesons
28:37 Bow Saw
29:46 Wheelbarrow
29:41 Gold Mining
30:47 Chain Mail Armor
33:20 Leather Archer Armor
33:50 Ballistics
34:59 Arson
40:34 Forging
41:06 Hand Cart
Connection lost

Rejoining the realm…

Still unreachable

The connection could not be restored.

Session expired

The server has moved on; the page needs a fresh start.